[Event "Team 45 45 League T48"]
[Site "Internet Chess Club"]
[Date "2011.02.18"]
[Round "2"]
[White "zigzag2002"]
[Black "kid6988"]
[Result "1-0"]
[WhiteElo "1770"]
[BlackElo "1519"]
[Opening "Giuoco Piano"]
[ECO "C50"]
[Time "19:30:26"]
[TimeControl "2700+45"]

1. e4 e5 2. Nf3 Nc6 3. Bc4 Bc5 4. O-O Nf6 5. Nc3 O-O 6. d3 d6 7. Bg5 Bg4 8. h3
Bxf3 9. Qxf3 Nd4 10. Qd1 c6 11. Ne2 Nxe2+ 12. Qxe2 h6 13. Bxf6 Qxf6 14. c3 Rad8
15. b4 Bb6 16. Rad1 d5 17. Bb3 d4 18. c4 c5 19. a3 a5 20. b5 Rd6 21. Qg4 Qg6 22.
Qg3 Re8 23. Qxg6 Rxg6 24. f4 exf4 25. Rxf4 Ree6 26. Rdf1 Ref6 27. Bd1 Rxf4 28.
Rxf4 Rf6 29. Rxf6 gxf6 30. Kf2 Kg7 31. Kf3 Bc7 32. Kg4 Kg6 33. h4 h5+ 34. Kh3 b6
35. a4 Be5 36. g4 hxg4+ 37. Bxg4 Kh6 38. Bd7 Kg7 39. Kg4 Kh6 40. h5 Kg7 41. Kf5
Kh6 42. Kg4 Kg7 43. Kf5 Kh6 44. Be8 Kg7 45. h6+ Kg8 46. h7+ Kxh7 47. Bxf7 Kg7
48. Bh5 Kf8 49. Ke6 Kg8 50. Kd7 Kg7 51. Kc6 Kh6 52. Be8 Kg5 53. Kxb6 Kf4 54.
Kxc5 Ke3 55. Kd5 Kxd3 56. c5 Ke3 57. b6 d3 58. c6 d2 59. Bh5 Kf2 60. c7 Bxc7 61.
bxc7 Ke1 62. c8=Q {Black resigns} 1-0

[Event "Team 45 45 League T48"]
[Site "Internet Chess Club"]
[Date "2011.02.19"]
[Round "2"]
[White "Deadly-Spike"]
[Black "GiulioCre"]
[Result "0-1"]
[WhiteElo "1439"]
[BlackElo "1338"]
[Opening "Sicilian: Anderssen variation"]
[ECO "B41"]
[Time "11:08:04"]
[TimeControl "2700+45"]

1. e4 c5 2. Nf3 e6 3. d4 cxd4 4. Nxd4 Nf6 5. Nc3 Nc6 6. Be3 Bb4 7. Bd3 Qa5 8.
Bd2 Nxd4 9. a3 Bxc3 10. Bxc3 Qe5 11. f3 O-O 12. O-O Qc5 13. Kh1 e5 14. Bb4 Qb6
15. Bxf8 Kxf8 16. c3 Nb3 17. Rb1 d6 18. Bc4 Be6 19. Bxe6 fxe6 20. Qe2 Rc8 21. f4
Nc5 22. fxe5 dxe5 23. Qh5 Nxe4 24. Qxh7 Nf2+ 25. Kg1 Nxh7 26. Rxf2+ {White
resigns} 0-1

[Event "Team 45 45 League T48"]
[Site "Internet Chess Club"]
[Date "2011.02.20"]
[Round "2"]
[White "room-matt"]
[Black "Theodulf"]
[Result "1-0"]
[WhiteElo "1664"]
[BlackElo "1570"]
[Opening "Bishop's opening: Berlin defense"]
[ECO "C24"]
[Time "09:34:01"]
[TimeControl "2700+45"]

1. e4 e5 2. Bc4 Nf6 3. d3 c6 4. Nf3 d5 5. Bb3 Bd6 6. Nc3 Bc7 7. Bg5 Be6 8. O-O
h6 9. Bh4 g5 10. Bg3 Nbd7 11. exd5 Nxd5 12. Re1 Nxc3 13. bxc3 Bxb3 14. cxb3 f6
15. Nd4 Qe7 16. Nf5 Qh7 17. Qf3 O-O-O 18. h4 h5 19. Re3 Nc5 20. hxg5 fxg5 21.
Bxe5 Bxe5 22. Rxe5 Rxd3 23. Ne3 g4 24. Qf4 Nd7 25. Ra5 a6 26. Rc1 Rf8 27. Nf5 g3
28. f3 b5 29. Nd6+ Rxd6 30. Qxd6 Rf6 31. Qd4 Qe7 32. Rxa6 Rd6 33. Ra8+ Nb8 34.
Qb6 Qb7 35. Qa7 Rd2 36. Re1 Qxa7+ 37. Rxa7 Kd8 38. a3 Rb2 39. b4 Rb3 40. Kf1
Rxc3 41. Rd1+ Kc8 42. a4 Rc2 43. Kg1 bxa4 44. Rxa4 Nd7 45. Ra7 Nb6 46. Rh7 Nd5
47. Ra1 Kb8 48. Rxh5 Ne3 49. Kh1 Rxg2 50. Re1 Rb2 51. Rxe3 Rxb4 52. Re7 Rb7 53.
Rhh7 Rxe7 54. Rxe7 c5 55. Kg1 Kc8 56. Kf1 Kd8 57. Rg7 c4 58. Ke2 {Black resigns}
1-0

[Event "Team 45 45 League T48"]
[Site "Internet Chess Club"]
[Date "2011.02.20"]
[Round "2"]
[White "parrot9"]
[Black "ticopatzer"]
[Result "1-0"]
[WhiteElo "1607"]
[BlackElo "1590"]
[Opening "Robatsch (modern) defense"]
[ECO "B06"]
[Time "16:00:29"]
[TimeControl "2700+45"]

1. e4 g6 2. d4 Bg7 3. Be3 d6 4. Nc3 a6 5. Qd2 b5 6. O-O-O Bb7 7. f3 Nd7 8. g4
Nb6 9. Kb1 b4 10. Nce2 a5 11. Ng3 Nf6 12. h4 Qc8 13. h5 Ba6 14. Bh6 Bxh6 15.
Qxh6 Nxg4 16. fxg4 Qxg4 17. N1e2 Bxe2 18. Nxe2 Qxe4 19. hxg6 Qxg6 20. Qxg6 fxg6
21. Bg2 Rb8 22. Nf4 O-O 23. Ne6 Rf2 24. Be4 Re2 25. Rde1 Rxe1+ 26. Rxe1 Rc8 27.
Bb7 Rb8 28. Rf1 h5 29. Be4 Nc4 30. Kc1 Ne3 31. Rg1 Ng4 32. Bxg6 Rb5 33. Bxh5
Rxh5 34. Rxg4+ Kf7 35. Nxc7 Rh1+ 36. Kd2 Ra1 37. Rf4+ Kg6 38. Nd5 e5 39. Rf6+
Kg5 40. Rxd6 exd4 41. Nb6 Rxa2 42. b3 Kf5 43. Rxd4 Ke5 44. Rd5+ Ke4 45. Rd3 Ra1
46. Rh3 Kd4 47. Nc4 a4 48. Rh4+ Kc5 49. Rh5+ Kd4 50. Rh4+ Kc5 51. Nb2 a3 52.
Nd3+ Kb5 53. Rxb4+ Ka5 54. Ra4+ Kb5 55. c4+ Kc6 56. Kc3 a2 57. Rxa2 Rxa2 58.
Nb4+ Kc5 59. Nxa2 {Black resigns} 1-0

[Event "Team 45 45 League T48"]
[Site "Internet Chess Club"]
[Date "2011.02.18"]
[Round "2"]
[White "Rapidcitychess"]
[Black "Invicta-Knight"]
[Result "0-1"]
[WhiteElo "1541"]
[BlackElo "1555"]
[Opening "Benkö gambit accepted"]
[ECO "A58"]
[Time "14:01:19"]
[TimeControl "2700+45"]

1. d4 Nf6 2. c4 c5 3. d5 b5 4. cxb5 a6 5. bxa6 Bxa6 6. b3 g6 7. Bb2 Bg7 8. Nc3
O-O 9. g3 d6 10. Bg2 Nbd7 11. Nf3 Qb6 12. O-O Rfb8 13. Re1 Qc7 14. Qc2 Ra7 15.
e4 Ng4 16. Bf1 Nge5 17. Nxe5 Nxe5 18. Be2 Bxe2 19. Qxe2 c4 20. Red1 cxb3 21. Nb5
Qc2 22. Rd2 Qxd2 23. Qxd2 Nf3+ 24. Kg2 Nxd2 25. Nxa7 Bxb2 26. Re1 bxa2 {White
resigns} 0-1

[Event "Team 45 45 League T48"]
[Site "Internet Chess Club"]
[Date "2011.02.18"]
[Round "2"]
[White "andrew32"]
[Black "katikus"]
[Result "1/2-1/2"]
[WhiteElo "1188"]
[BlackElo "1620"]
[Opening "Caro-Kann: closed (Breyer) variation"]
[ECO "B10"]
[Time "18:00:22"]
[TimeControl "2700+45"]

1. e4 c6 2. d3 d5 3. Nd2 e6 4. Ngf3 Nd7 5. c3 Bd6 6. d4 dxe4 7. Nxe4 Be7 8. Bd3
Ngf6 9. Ng3 h6 10. O-O O-O 11. Re1 Re8 12. Bc2 Qc7 13. Qd3 c5 14. Ne5 cxd4 15.
cxd4 Nxe5 16. dxe5 Rd8 17. Qe2 Bb4 18. Rd1 Rxd1+ 19. Qxd1 Qxe5 20. Qd8+ Bf8 21.
Qd3 Bd7 22. Be3 Bb5 23. Qd2 Qd5 24. Qc3 Rd8 25. Bxh6 Bc6 26. f3 Qc5+ 27. Be3
Qxc3 28. bxc3 b6 29. Bg5 Bc5+ 30. Kf1 Rd5 31. Bxf6 gxf6 32. Ne4 Rf5 33. Rd1 Kg7
34. h3 Bxe4 35. Bxe4 Re5 36. Re1 f5 37. Bc6 Rxe1+ 38. Kxe1 Kf6 39. g3 e5 40. Ke2
f4 41. g4 Kg5 42. Be8 f5 43. h4+ Kxh4 44. gxf5 Kg5 45. Bd7 Kf6 46. Kd3 a6 47.
Ke4 a5 48. Kd5 Be3 49. a3 Bc5 50. a4 Be3 51. Be6 Bc5 {Game drawn by mutual
agreement} 1/2-1/2

[Event "Team 45 45 League T48"]
[Site "Internet Chess Club"]
[Date "2011.02.20"]
[Round "2"]
[White "whiskeytown"]
[Black "isolani"]
[Result "1-0"]
[WhiteElo "1489"]
[BlackElo "1548"]
[Opening "French: King's Indian attack"]
[ECO "C00"]
[Time "18:05:09"]
[TimeControl "2700+45"]

1. e4 e6 2. d3 c5 3. Nf3 Nc6 4. g3 d6 5. d4 cxd4 6. Nxd4 Nf6 7. Bg2 e5 8. Nxc6
bxc6 9. O-O Be7 10. Nd2 Be6 11. b3 O-O 12. Bb2 Qc7 13. c4 Rfd8 14. Qc2 Qc8 15.
c5 Bh3 16. cxd6 Bxd6 17. Nc4 Bxg2 18. Kxg2 Qe6 19. Rad1 Bc7 20. Rxd8+ Rxd8 21.
Rd1 Rxd1 22. Qxd1 Qd7 23. Qxd7 Nxd7 24. Bc3 f6 25. Kf3 Kf7 26. Kg4 Ke6 27. f4
h5+ 28. Kf3 exf4 29. gxf4 g6 30. h3 Nc5 31. Bd4 Bb6 32. Nxb6 axb6 33. Bxc5 bxc5
34. Ke3 g5 35. a4 Kd7 36. fxg5 fxg5 37. e5 {Black resigns} 1-0

[Event "Team 45 45 League T48"]
[Site "Internet Chess Club"]
[Date "2011.02.22"]
[Round "2"]
[White "Andressa"]
[Black "tightfist"]
[Result "0-1"]
[WhiteElo "1480"]
[BlackElo "1603"]
[Opening "Philidor's defense"]
[ECO "C41"]
[Time "16:00:54"]
[TimeControl "2700+45"]

1. e4 d6 2. Nf3 e5 3. Nc3 Nf6 4. Bc4 Be7 5. O-O O-O 6. d4 Nxe4 7. dxe5 Nxc3 8.
bxc3 Bg4 9. exd6 Qxd6 10. Qxd6 Bxd6 11. Be2 Nc6 12. h3 Rfe8 13. Re1 Bxf3 14.
gxf3 Re6 15. f4 Rae8 16. Be3 Bxf4 17. Bc4 Rg6+ 18. Kf1 Bxe3 19. Rxe3 Rxe3 20.
fxe3 Rg3 21. Rd1 Rxe3 22. Rd7 Re7 23. Rd3 Kf8 24. Rg3 Ne5 25. Bd5 c6 26. Be4 h6
27. Bd3 Nxd3 28. cxd3 f5 29. a4 g5 30. Kf2 Kf7 31. d4 f4 32. Rd3 Kf6 33. c4 Kf5
34. d5 cxd5 35. cxd5 Ke4 36. Rd1 Rd7 37. d6 Ke5 38. Kf3 Rxd6 39. Rb1 b6 40. Kg4
Kf6 41. Re1 Re6 42. Rc1 Kg6 43. Rc7 h5+ 44. Kf3 Re3+ 45. Kg2 Re2+ 46. Kf3 Ra2
47. Rxa7 b5 48. Ra6+ Kf5 49. axb5 g4+ 50. hxg4+ hxg4# {White checkmated} 0-1

[Event "Team 45 45 League T48"]
[Site "Internet Chess Club"]
[Date "2011.02.18"]
[Round "2"]
[White "Terte"]
[Black "pestka"]
[Result "1/2-1/2"]
[WhiteElo "2104"]
[BlackElo "2302"]
[Opening "Sicilian: Alapin's variation (2.c3)"]
[ECO "B22"]
[Time "06:39:34"]
[TimeControl "2700+45"]

1. e4 c5 2. c3 Nf6 3. e5 Nd5 4. Nf3 Nc6 5. Bc4 Nb6 6. Bb3 c4 7. Bc2 Qc7 8. Qe2
g5 9. h3 Bg7 10. O-O Nxe5 11. Nxg5 d5 12. Re1 h6 13. Nf3 Nxf3+ 14. Qxf3 e5 15.
b3 Be6 16. bxc4 dxc4 17. d4 cxd3 18. Qxd3 f5 19. Ba3 e4 20. Qd1 Rd8 21. Qh5+ Qf7
22. Qe2 Nc4 23. Bb4 a5 24. Bc5 b6 25. Ba4+ Bd7 26. Bb3 Be6 27. Ba4+ Bd7 28. Bb3
Be6 29. Ba4+ {Game drawn by repetition} 1/2-1/2

[Event "Team 45 45 League T48"]
[Site "Internet Chess Club"]
[Date "2011.02.18"]
[Round "2"]
[White "eurander"]
[Black "nightly"]
[Result "1-0"]
[WhiteElo "2203"]
[BlackElo "1859"]
[Opening "Sicilian: Alapin's variation (2.c3)"]
[ECO "B22"]
[Time "11:00:35"]
[TimeControl "2700+45"]

1. e4 c5 2. c3 g6 3. d4 cxd4 4. cxd4 d5 5. exd5 Nf6 6. Qa4+ Bd7 7. Qb3 Qc7 8.
Nc3 Bg7 9. Bd3 O-O 10. Nge2 Rd8 11. Bf4 Qb6 12. Qxb6 axb6 13. Bc7 Rc8 14. Bxb6
Na6 15. Bxa6 Rxa6 16. Bc5 Kf8 17. O-O b6 18. Ba3 Bf5 19. Rfe1 Ne8 20. Ng3 Rxa3
21. Nxf5 gxf5 22. bxa3 Rxc3 23. Re3 Bxd4 24. Rxc3 Bxc3 25. Rc1 Bd4 26. Rc8 f6
27. Kf1 Kf7 28. f3 Nd6 29. Rh8 Kg7 30. Ra8 Nc4 31. Ke2 Bc5 32. a4 Ne3 33. a5
bxa5 34. Rxa5 Bb6 35. Rb5 Ba7 36. d6 Nc2 37. Rb7 Nd4+ 38. Kd3 Nc6 39. f4 Kf8 40.
d7 Bg1 41. Rb8+ Kf7 42. Rc8 Ke6 43. Rxc6+ Kxd7 44. Rc4 Bxh2 45. a4 e5 46. a5
Bxf4 47. a6 e4+ 48. Ke2 Bb8 49. Rb4 Kc8 50. Rb7 h5 51. Rf7 f4 52. a7 f3+ 53.
gxf3 exf3+ 54. Kxf3 Bxa7 55. Rxa7 {Black resigns} 1-0

[Event "Team 45 45 League T48"]
[Site "Internet Chess Club"]
[Date "2011.02.18"]
[Round "2"]
[White "poni"]
[Black "mitus"]
[Result "1-0"]
[WhiteElo "1957"]
[BlackElo "1771"]
[Opening "QGD: Ragozin variation"]
[ECO "D38"]
[Time "12:02:39"]
[TimeControl "2700+45"]

1. Nf3 Nf6 2. c4 e6 3. Nc3 d5 4. d4 Bb4 5. cxd5 exd5 6. Bg5 O-O 7. e3 h6 8. Bh4
Bf5 9. Be2 Nbd7 10. O-O Be7 11. Qb3 Nb6 12. Rac1 c6 13. a4 Rb8 14. a5 Nbd7 15.
Qa4 Ne4 16. Bxe7 Qxe7 17. a6 Nb6 18. Qa2 Rfc8 19. axb7 Qxb7 20. Ba6 Nxc3 21.
Rxc3 {Black resigns} 1-0

[Event "Team 45 45 League T48"]
[Site "Internet Chess Club"]
[Date "2011.02.20"]
[Round "2"]
[White "MarkNY"]
[Black "koni"]
[Result "0-1"]
[WhiteElo "1730"]
[BlackElo "1902"]
[Opening "Sicilian: closed"]
[ECO "B23"]
[Time "05:07:27"]
[TimeControl "2700+45"]

1. e4 c5 2. Nc3 g6 3. f4 Bg7 4. Nf3 Nc6 5. Bb5 e6 6. Bxc6 bxc6 7. e5 Ne7 8. Ne4
O-O 9. Nxc5 d5 10. exd6 Qxd6 11. Nd3 Ba6 12. Nfe5 f6 13. Nf3 Bxd3 14. cxd3 Qxf4
15. O-O Nf5 16. b3 Qd6 17. Qc2 Nd4 18. Nxd4 Qxd4+ 19. Kh1 Qxa1 20. Qxc6 Qe5 21.
Qc2 Rac8 22. Qb1 Qa5 23. Bb2 Qxd2 24. Rd1 Qc2 25. Qa1 e5 26. d4 e4 27. d5 e3 28.
d6 e2 29. Re1 Rcd8 30. Kg1 Rxd6 {White resigns} 0-1

[Event "Team 45 45 League T48"]
[Site "Internet Chess Club"]
[Date "2011.02.18"]
[Round "2"]
[White "ben622"]
[Black "bobhill"]
[Result "1/2-1/2"]
[WhiteElo "1975"]
[BlackElo "1984"]
[Opening "Sicilian: dragon, Yugoslav attack, 12.h4"]
[ECO "B79"]
[Time "23:31:50"]
[TimeControl "2700+45"]

1. e4 c5 2. Nf3 d6 3. d4 cxd4 4. Nxd4 Nf6 5. Nc3 g6 6. Be3 Bg7 7. f3 Nc6 8. Bc4
O-O 9. Qd2 Bd7 10. O-O-O Qa5 11. Bb3 Rfc8 12. h4 Ne5 13. h5 Nxh5 14. Nd5 Qxd2+
15. Rxd2 Re8 16. Nc7 Rac8 17. Nxe8 Bxe8 18. Nf5 Bf6 19. Nh6+ Kg7 20. g4 Ng3 21.
Rg1 Nxf3 22. Rxg3 Nxd2 23. Bxd2 e6 24. g5 Be5 25. Rf3 Rc7 26. Ng4 Bd4 27. Nf6
Bc6 28. Bc3 Bxc3 29. Rxc3 Re7 30. Ba4 h6 31. Bxc6 bxc6 32. Rxc6 hxg5 33. Ng4 f5
34. Ne3 Rd7 35. exf5 gxf5 36. Nc4 g4 37. Kd2 d5 38. Ne5 Re7 39. Ke3 Kf6 40. Kf4
g3 41. Rc3 Rg7 42. Nf3 g2 43. Ng1 e5+ 44. Kf3 e4+ 45. Kf2 f4 46. Rc6+ Ke5 47. c3
e3+ 48. Kf3 Rg3+ 49. Ke2 Rg7 50. Rc8 Kf5 51. Kf3 Rg3+ 52. Ke2 Rg6 53. Kf3 Rg3+
54. Ke2 Rg7 55. Kf3 Rg3+ 56. Ke2 {Game drawn by repetition} 1/2-1/2

[Event "Team 45 45 League T48"]
[Site "Internet Chess Club"]
[Date "2011.02.19"]
[Round "2"]
[White "Beddathanme"]
[Black "jorobo"]
[Result "0-1"]
[WhiteElo "1822"]
[BlackElo "2040"]
[Opening "French: advance, Milner-Barry gambit"]
[ECO "C02"]
[Time "07:36:48"]
[TimeControl "2700+45"]

1. e4 e6 2. d4 d5 3. e5 c5 4. c3 Qb6 5. Nf3 Nc6 6. Bd3 cxd4 7. cxd4 Bd7 8. Nc3
Nxd4 9. Nxd4 Qxd4 10. O-O Qxe5 11. Re1 Qb8 12. Nxd5 Bd6 13. Qg4 Kf8 14. Bd2 h5
15. Qh3 Nh6 16. Ne3 Kg8 17. Bc3 Bc6 18. Nc4 Ng4 19. Nxd6 Qxd6 20. Rad1 Qc5 21.
Qg3 Qe7 22. Bc2 Rc8 23. h3 Nf6 24. Qe5 h4 25. f4 Rh5 26. f5 Rg5 27. Rd2 Nd7 28.
Qf4 e5 29. Bxe5 Nxe5 30. Rxe5 Qf6 31. Qe3 Kh7 32. Qd4 Rxg2+ 33. Rxg2 Bxg2 34.
Kxg2 Rxc2+ 35. Kf3 Qc6+ 36. Rd5 Rc4 37. Qd3 Rc5 38. f6+ Kg8 39. Ke4 gxf6 {White
resigns} 0-1

[Event "Team 45 45 League T48"]
[Site "Internet Chess Club"]
[Date "2011.02.17"]
[Round "2"]
[White "azbycx"]
[Black "bgolev"]
[Result "1/2-1/2"]
[WhiteElo "1894"]
[BlackElo "1875"]
[Opening "Dutch defense, Blackburne variation"]
[ECO "A81"]
[Time "23:00:06"]
[TimeControl "2700+45"]

1. d4 f5 2. g3 e6 3. Nh3 Nf6 4. Bg2 Be7 5. O-O O-O 6. Nf4 Nc6 7. c4 d6 8. d5
exd5 9. cxd5 Ne5 10. Nc3 c6 11. dxc6 bxc6 12. Qb3+ Kh8 13. h3 d5 14. Rd1 Qe8 15.
Be3 Nc4 16. Bd4 Bd7 17. Qc2 Ne4 18. Nxe4 fxe4 19. e3 Qf7 20. b3 Nd6 21. Qe2 Kg8
22. h4 Bf6 23. Bxf6 Qxf6 24. Rac1 Rf7 25. Rd4 Nb5 26. Rd2 h6 27. Qh5 Bf5 28. Qe2
Bd7 29. Qh5 {Game drawn by mutual agreement} 1/2-1/2

[Event "Team 45 45 League T48"]
[Site "Internet Chess Club"]
[Date "2011.02.21"]
[Round "2"]
[White "Beetlejuice"]
[Black "futureGM"]
[Result "1-0"]
[WhiteElo "1819"]
[BlackElo "1839"]
[Opening "Catalan: open, 5.Nf3"]
[ECO "E04"]
[Time "14:02:44"]
[TimeControl "2700+45"]

1. d4 d5 2. c4 e6 3. Nf3 Nf6 4. g3 dxc4 5. Bg2 c6 6. a4 Be7 7. O-O O-O 8. Na3
Bxa3 9. Rxa3 Qe7 10. Ne5 Nbd7 11. Nxc4 Nd5 12. e4 N5b6 13. Ne3 Nf6 14. a5 Nbd7
15. Nc4 e5 16. Be3 Rd8 17. Rd3 exd4 18. Bxd4 b5 19. axb6 Ba6 20. Qc2 axb6 21.
Rfd1 Bxc4 22. Qxc4 c5 23. Bxf6 Nxf6 24. e5 Rxd3 25. Qxd3 Re8 26. exf6 Qxf6 27.
Qd7 Rf8 28. b3 Qc3 29. Bd5 Qc2 30. Re1 Qg6 31. Re8 {Black resigns} 1-0

[Event "Team 45 45 League T48"]
[Site "Internet Chess Club"]
[Date "2011.02.17"]
[Round "2"]
[White "Deckfuel"]
[Black "Terte"]
[Result "0-1"]
[WhiteElo "1915"]
[BlackElo "2095"]
[Opening "Richter-Veresov attack"]
[ECO "D01"]
[Time "13:01:16"]
[TimeControl "2700+45"]

1. d4 Nf6 2. Nc3 d5 3. Bg5 Nbd7 4. e3 e6 5. Qf3 Be7 6. g4 a6 7. h4 c5 8. O-O-O
c4 9. Bxf6 gxf6 10. e4 dxe4 11. Nxe4 Nb6 12. Nh3 Bd7 13. Rg1 Rc8 14. g5 f5 15.
Nc3 Bc6 16. Qh5 Qd6 17. Bg2 Nd5 18. Bxd5 Bxd5 19. Nxd5 Qxd5 20. c3 Bd6 21. g6
fxg6 22. Rxg6 Kd7 23. Rh6 Rce8 24. Rxh7+ Rxh7 25. Qxh7+ Re7 26. Qh6 Qf3 27. Qe3
Qxe3+ 28. fxe3 Rh7 29. Ng5 Rxh4 30. d5 e5 31. Rf1 f4 32. Nf3 Rg4 33. e4 Ke7 34.
Rf2 Kf6 35. b3 Bc5 36. Rf1 Rg2 37. b4 Be3+ 38. Kb1 Bd2 39. Nh4 Rh2 40. Nf3 Re2
41. Kc2 Be3+ 42. Kb1 Bb6 43. Rh1 Kg7 44. Nxe5 Rxe4 45. Nd7 Be3 46. Nc5 Re5 47.
d6 Rd5 48. Ne4 Kg6 49. Kc2 Kf5 50. Nc5 Rd2+ 51. Kb1 Rxd6 52. Nxb7 Rd2 53. Nc5 f3
54. Rh8 f2 55. Rf8+ Kg4 56. Rxf2 Bxf2 57. Nxa6 Kf3 58. a4 Ke2 59. a5 Kd3 60. b5
Kxc3 61. Nc7 Kb3 62. Kc1 Be3 63. Ne6 Rd6+ 64. Kb1 Rd1# {White checkmated} 0-1

[Event "Team 45 45 League T48"]
[Site "Internet Chess Club"]
[Date "2011.02.21"]
[Round "2"]
[White "mugurelt"]
[Black "randallsr"]
[Result "1/2-1/2"]
[WhiteElo "1724"]
[BlackElo "1803"]
[Opening "Polish (Sokolsky) opening"]
[ECO "A00"]
[Time "16:04:07"]
[TimeControl "2700+45"]

1. b4 e6 2. Bb2 Nf6 3. b5 b6 4. Nf3 Be7 5. e3 Bb7 6. Be2 d6 7. d4 Nbd7 8. c4 O-O
9. O-O a5 10. a4 h6 11. Nbd2 Ne4 12. Nxe4 Bxe4 13. Nd2 Bb7 14. Bf3 Qc8 15. Bxb7
Qxb7 16. f4 Nf6 17. Qf3 Qxf3 18. Rxf3 Rac8 19. e4 Nd7 20. d5 exd5 21. exd5 f6
22. Re3 Rce8 23. Rae1 Kf7 24. Nb3 Bd8 25. Kf2 Rxe3 26. Rxe3 Re8 27. Rxe8 Kxe8
28. f5 Nc5 29. Nxc5 dxc5 30. g4 Be7 31. h4 Kf7 32. h5 Bd6 33. Kf3 {Game drawn by
mutual agreement} 1/2-1/2

[Event "Team 45 45 League T48"]
[Site "Internet Chess Club"]
[Date "2011.02.20"]
[Round "2"]
[White "Goli"]
[Black "Victorianum"]
[Result "1/2-1/2"]
[WhiteElo "1750"]
[BlackElo "1776"]
[Opening "Ruy Lopez: closed"]
[ECO "C90"]
[Time "14:00:50"]
[TimeControl "2700+45"]

1. e4 e5 2. Nf3 Nc6 3. Bb5 a6 4. Ba4 Nf6 5. O-O Be7 6. Re1 b5 7. Bb3 d6 8. h3
Na5 9. c3 Nxb3 10. Qxb3 Bb7 11. Qc2 c5 12. d4 cxd4 13. cxd4 Rc8 14. Qd1 exd4 15.
Qxd4 O-O 16. Nc3 Re8 17. Bf4 Bf8 18. Bg5 Be7 19. Rad1 h6 20. Bh4 Rc4 21. Qd3
Nxe4 22. Bxe7 Rxe7 23. Nxe4 Rcxe4 24. Rxe4 Bxe4 25. Qa3 Bxf3 26. Qxf3 Qc7 27.
Qa8+ Kh7 28. Qxa6 Qc2 29. Qxd6 Re2 30. Rf1 Qxb2 31. Qd3+ g6 32. Qd7 Kg7 33. a4
b4 34. a5 Re6 35. Qd3 Qe5 36. a6 Qa5 37. Qd4+ Qe5 38. Qxe5+ Rxe5 39. Ra1 Re8 40.
Kf1 Ra8 41. Ke2 b3 {Game drawn by mutual agreement} 1/2-1/2

[Event "Team 45 45 League T48"]
[Site "Internet Chess Club"]
[Date "2011.02.19"]
[Round "2"]
[White "BanjoStu"]
[Black "justice02"]
[Result "1/2-1/2"]
[WhiteElo "1554"]
[BlackElo "1606"]
[Opening "English opening"]
[ECO "A20"]
[Time "15:00:31"]
[TimeControl "2700+45"]

1. c4 e5 2. g3 Bc5 3. Bg2 Nf6 4. Nc3 c6 5. Nf3 d6 6. O-O a6 7. d3 O-O 8. a3 h6
9. b4 Ba7 10. Rb1 Bf5 11. Rb3 Re8 12. Bb2 Nbd7 13. e3 Rb8 14. a4 a5 15. b5 Nc5
16. bxc6 Nxb3 17. c7 Qxc7 18. Qxb3 Bxd3 19. Nb5 Qxc4 20. Qxc4 Bxc4 21. Nxa7 Bxf1
22. Kxf1 Re7 23. Nb5 Ne8 24. Bh3 g5 25. Ba3 Rd8 26. Nd2 h5 27. Ne4 g4 28. Bg2
Red7 29. h3 f5 30. Nec3 e4 31. Nd5 Kf7 32. Nf4 Nf6 33. h4 b6 34. Ke1 Ke7 35. Kd2
Rc8 36. Bf1 Rdd8 37. Be2 Rc6 38. Na7 Rc7 39. Nb5 Rb7 40. Bd1 Kf8 41. Ne6+ Ke7
42. Nxd8 Kxd8 43. Nd4 Nd7 44. Bxd6 Nc5 45. Bc2 Rd7 46. Be5 Ke8 47. Kc3 Kf7 48.
Bb3+ Nxb3 49. Kxb3 Ke7 50. Kc4 Kd8 51. Bf4 Kc8 52. Kb5 Kb7 53. Bg5 Rd5+ 54. Kc4
Rc5+ 55. Kb3 Ka6 56. Bf4 Rc1 57. Nxf5 Rf1 58. Ng7 Rxf2 59. Nxh5 Rd2 60. Nf6 Rd3+
61. Kb2 b5 62. axb5+ Kxb5 63. Nxe4 a4 64. Nc3+ Kb4 65. Na2+ Kc4 66. Kc2 Rb3 67.
e4 Rf3 68. h5 Rf2+ 69. Bd2 Rg2 70. h6 Rxg3 71. e5 Kd5 72. Nb4+ Kxe5 73. Bc3+
Rxc3+ 74. Kxc3 Kf6 75. h7 Kg7 76. h8=Q+ Kxh8 77. Kd3 Kg7 78. Ke3 Kf6 79. Kf2 Kf5
80. Kg3 a3 81. Na2 Ke4 82. Kxg4 Kd3 83. Kf3 Kc2 84. Ke2 Kb3 85. Kd2 Kxa2 86. Kc2
Ka1 87. Kc1 Ka2 88. Kc2 {Game drawn by mutual agreement} 1/2-1/2

[Event "Team 45 45 League T48"]
[Site "Internet Chess Club"]
[Date "2011.02.19"]
[Round "2"]
[White "charles-allen"]
[Black "superbeast"]
[Result "1/2-1/2"]
[WhiteElo "1879"]
[BlackElo "1909"]
[Opening "Sicilian defense"]
[ECO "B30"]
[Time "10:00:31"]
[TimeControl "2700+45"]

1. e4 c5 2. Nf3 Nc6 3. c3 Nf6 4. e5 Nd5 5. d4 cxd4 6. cxd4 e6 7. Bc4 d6 8. O-O
Be7 9. Nbd2 O-O 10. a3 dxe5 11. dxe5 Qc7 12. Qe2 Bd7 13. Qe4 Rac8 14. Bxd5 exd5
15. Qxd5 Bf5 16. Re1 Rfd8 17. Qc4 Rd3 18. e6 fxe6 19. Rxe6 Bxe6 20. Qxd3 Rd8 21.
Qe2 Bd5 22. Nf1 Rf8 23. Be3 Bxf3 24. gxf3 Bf6 {Game drawn by mutual agreement}
1/2-1/2

[Event "Team 45 45 League T48"]
[Site "Internet Chess Club"]
[Date "2011.02.17"]
[Round "2"]
[White "rayonline53"]
[Black "j65536d"]
[Result "0-1"]
[WhiteElo "1539"]
[BlackElo "1824"]
[Opening "Sicilian: dragon, classical attack"]
[ECO "B72"]
[Time "15:00:38"]
[TimeControl "2700+45"]

1. e4 c5 2. Nf3 d6 3. d4 cxd4 4. Nxd4 Nf6 5. Nc3 g6 6. Be2 Bg7 7. Be3 O-O 8. f3
Nc6 9. Qd2 a6 10. O-O-O Nxd4 11. Bxd4 Be6 12. Kb1 b5 13. Be3 b4 14. Nd5 Bxd5 15.
exd5 Qc7 16. Bh6 Rfc8 17. Bxg7 Kxg7 18. Rc1 Qc5 19. Rhd1 a5 20. Qd4 Kg8 21. c4
Nd7 22. b3 a4 23. Kb2 axb3 24. axb3 Ra3 25. Ra1 Rca8 26. Rxa3 Rxa3 27. Qg1 Qa5
28. Ra1 Nc5 29. Rxa3 Qxa3+ 30. Kc2 Qa2+ {White resigns} 0-1

[Event "Team 45 45 League T48"]
[Site "Internet Chess Club"]
[Date "2011.02.18"]
[Round "2"]
[White "ChessicalZ"]
[Black "nursey"]
[Result "1-0"]
[WhiteElo "1637"]
[BlackElo "1634"]
[Opening "English: Bremen, reverse dragon"]
[ECO "A22"]
[Time "14:04:51"]
[TimeControl "2700+45"]

1. c4 e5 2. Nc3 Nf6 3. g3 d5 4. cxd5 Nxd5 5. Bg2 Nb6 6. Nf3 Nc6 7. O-O Bg4 8. h3
Bf5 9. d3 Bb4 10. a3 Bxc3 11. bxc3 O-O 12. Bd2 e4 13. Nh4 Be6 14. Bxe4 Bxh3 15.
Bg2 Bxg2 16. Kxg2 Re8 17. c4 Nd4 18. e3 Ne6 19. Bc3 Nc5 20. Qg4 g6 21. Nf5 Nxd3
22. Nh6+ Kf8 23. Rad1 Qd6 24. Bg7+ Ke7 25. Qf3 f5 26. e4 Ne5 27. Qc3 Qc5 28.
exf5 Nbd7 29. Rfe1 gxf5 30. Bxe5 Qc6+ 31. Kg1 {Black resigns} 1-0

[Event "Team 45 45 League T48"]
[Site "Internet Chess Club"]
[Date "2011.02.19"]
[Round "2"]
[White "Giacometti"]
[Black "BraafPaard"]
[Result "1-0"]
[WhiteElo "1735"]
[BlackElo "1589"]
[Opening "Bird's opening"]
[ECO "A03"]
[Time "10:00:26"]
[TimeControl "2700+45"]

1. f4 d5 2. Nf3 Nf6 3. d3 c5 4. g3 Nc6 5. Bg2 Bf5 6. O-O e6 7. Nc3 Be7 8. Bd2 h6
9. Re1 O-O 10. e4 d4 11. exf5 dxc3 12. Bxc3 exf5 13. Ne5 Rc8 14. Nxc6 bxc6 15.
Re5 Ng4 16. Re2 Bf6 17. Qd2 Bd4+ 18. Kh1 Re8 19. Rae1 Qd7 20. h3 Nf6 21. Bxd4
cxd4 22. Re5 Nh5 23. Bf3 Nf6 24. Qa5 g6 25. Qc5 Kg7 26. Re7 Rxe7 27. Rxe7 Qd8
28. Qxa7 {Black resigns} 1-0